 Dungeon Crawl Stone Soup version 0.28.0-61-g67df4f89a8 (webtiles) character file.

Game seed: 9652747351080753251

140 NotaViper the Slasher (level 5, -1/44 HPs)
             Began as a Ghoul Gladiator on Feb 14, 2023.
             Was a Follower of Uskayaw.
             Slain by Crazy Yiuf
             ... wielding a +3 quarterstaff of chaos
              (11 damage)
             ... on level 2 of the Dungeon.
             The game lasted 00:05:53 (1411 turns).

NotaViper the Slasher (Ghoul Gladiator)             Turns: 1411, Time: 00:05:54

Health: -1/44      AC:  7    Str: 20    XL:     5   Next: 22%
Magic:  4/4        EV: 11    Int:  3    God:    Uskayaw [*.....]
Gold:   53         SH:  0    Dex: 10    Spells: 4/4 levels left

rFire   . . .      SeeInvis .   a - +0 long sword
rCold   + . .      Faith    .   (no shield)
rNeg    + + +      Spirit   .   e - +0 ring mail
rPois   ∞          Reflect  .   c - +0 helmet
rElec   .          Harm     .   (no cloak)
rCorr   .          Rampage  .   m - +0 pair of gloves
Will    .....                   (no boots)
Stlth   +.........              (no amulet)
HPRegen 0.00/turn               (no ring)
MPRegen 0.09/turn               (no ring)

@: inhibited regen
A: claws 1, cold resistance 1, negative energy resistance 3, inhibited
regeneration, torment resistance 2
a: Renounce Religion, Stomp


You were on level 2 of the Dungeon.
You worshipped Uskayaw.
Uskayaw was noncommittal.
You visited 1 branch of the dungeon, and saw 2 of its levels.

You collected 53 gold pieces.

Inventory:

Hand Weapons
 a - a +0 long sword (weapon)
 h - a +0 hunting sling
 k - a +0 dagger
 n - a +0 whip
 p - a +0 short sword
 q - a +0 quarterstaff
 r - a +0 whip
 v - a +0 short sword
 w - a +0 dagger
 x - a +0 whip
Missiles
 d - 2 throwing nets (quivered)
 j - 4 javelins
 o - 5 stones
Armour
 b - a +0 leather armour
 c - a +0 helmet (worn)
 e - a +0 ring mail (worn)
 m - a +0 pair of gloves (worn)
Scrolls
 f - a scroll of teleportation {unknown}
 g - a scroll of fear {unknown}
 s - 4 scrolls of identify {unknown}
 u - a scroll of summoning {unknown}
Potions
 i - a potion of flight {unknown}
 l - a potion of degeneration {unknown}
 t - a potion of ambrosia {unknown}


   Skills:
 + Level 2.9 Fighting
 + Level 4.0 Long Blades
 + Level 1.9 Throwing
 + Level 1.1 Armour
 + Level 3.3 Dodging
 + Level 1.2 Stealth


You had 4 spell levels left.
You didn't know any spells.
Your spell library contained the following spells:

 Spells                   Type           Power      Damage    Failure   Level
 Sting                    Tmut/Pois      0%         1d3       71%         1
 Poisonous Vapours        Pois/Air       0%         N/A       83%         2
 Olgreb's Toxic Radiance  Pois           0%         N/A       100%        4


Dungeon Overview and Level Annotations

Branches:
Dungeon (2/15)

Altars:
Uskayaw

Annotations:
D:2 Crazy Yiuf


Innate Abilities, Weirdness & Mutations

You thrive by killing the living.
You are immune to poison.
You have sharp fingernails.
Your flesh is cold resistant. (rC+)
You are immune to negative energy. (rN+++)
You do not regenerate when monsters are visible.
You are immune to unholy pain and torment.


Message History

The ball python hisses angrily.
A ball python comes into view.
The ball python hisses angrily.
You closely miss the ball python. The ball python closely misses you.
The ball python barely misses you. x2; The ball python grabs you.
The ball python constricts you.
You hit the ball python.
You kill the ball python!
The ball python bites you but does no damage.
The ball python constricts you.
You escape the ball python's grasp.
The ball python barely misses you. The ball python grabs you.
The ball python constricts you.
You hit the ball python.
The ball python is moderately wounded.
The ball python bites you. The ball python constricts you.
You hit the ball python.
You kill the ball python!
You feel better.
Found a mace.
Found a runed translucent door.
Crazy Yiuf shouts!
You open the door. You slash Crazy Yiuf!
Crazy Yiuf is heavily wounded.
Crazy Yiuf hits you with a +3 quarterstaff of chaos!
You resist with some effort.
You barely miss Crazy Yiuf.
Crazy Yiuf is heavily wounded.
Crazy Yiuf closely misses you. x2
You hit Crazy Yiuf but do no damage.
Crazy Yiuf is heavily wounded.
Crazy Yiuf hits you with a +3 quarterstaff of chaos!
You closely miss Crazy Yiuf.
Crazy Yiuf is heavily wounded.
Crazy Yiuf barely misses you.
You hit Crazy Yiuf but do no damage.
Crazy Yiuf is heavily wounded.
Crazy Yiuf hits you with a +3 quarterstaff of chaos!
* * * LOW HITPOINT WARNING * * *
You convulse!
You die...

....#.................#.##
.....<...............##.#
....#...............###.###
....#...############# ##..#
...)....# ##.# ........# #.#
........##♣♣ ### #.#
#.......#..♣♣ ♣♣#..)# #.#
............♣♣♣♣@g...# #.#
#............♣..♣#...# #.#
#.......#...♣.♣♣♣ ### #.#
#.......##♣♣♣♣♣ #.#
......#<# ##.##
##......################...#
...............(...........#
............##...#.........#
......#.....##...#.........#


You could see Crazy Yiuf.

Vanquished Creatures
  Natasha (thrice) (D:2)
  3 adders (D:2)
  A worm (D:2)
  3 dart slugs
  4 ball pythons (D:2)
  4 endoplasms
  3 goblins
  A hobgoblin (D:2)
  3 quokkas (D:1)
  3 frilled lizards
  4 kobolds
  2 rats (D:1)
34 creatures vanquished.

Notes
Turn   | Place    | Note
-------+----------+-------------------------------------------
     0 | D:1      | NotaViper the Ghoul Gladiator began the quest for the Orb.
     0 | D:1      | Reached XP level 1. HP: 17/17 MP: 0/0
    98 | D:1      | Reached skill level 3 in Long Blades
   320 | D:1      | Reached XP level 2. HP: 14/24 MP: 1/1
   342 | D:1      | Found a faded altar of an unknown god.
   363 | D:1      | Prayed at the altar of an unknown god.
   363 | D:1      | Became a worshipper of Uskayaw the Reveller
   363 | D:1      | Reached * piety under Uskayaw
   554 | D:1      | Reached ** piety under Uskayaw
   694 | D:2      | Noticed Natasha
   703 | D:2      | Noticed a crimson imp
   704 | D:2      | Killed Natasha
   705 | D:2      | Reached XP level 3. HP: 19/30 MP: 2/2
   720 | D:2      | Reached *** piety under Uskayaw
   722 | D:2      | Reached skill level 1 in Stealth
   722 | D:2      | Reached XP level 4. HP: 11/37 MP: 3/3
   906 | D:2      | Noticed Natasha
   922 | D:2      | Killed Natasha
  1075 | D:2      | Noticed Natasha
  1085 | D:2      | Killed Natasha
  1086 | D:2      | Reached skill level 4 in Long Blades
  1086 | D:2      | Reached XP level 5. HP: 35/42 MP: 4/4
  1290 | D:2      | Reached skill level 1 in Armour
  1402 | D:2      | Found a runed translucent door.
  1403 | D:2      | Noticed Crazy Yiuf
  1411 | D:2      | Slain by Crazy Yiuf

Illustrated notes

Levels and vault maps discovered:
D:1:      psy_arrival_statuary, layout_basic, basic_ecumenical_altar
D:2:      layout_rooms, grunt_ministairs_9, uniq_crazy_yiuf_cottage,
          uniq_natasha

Skill      XL: |  1  2  3  4  5 |
---------------+----------------+-----
Long Blades    | 3 4 |  4.0
Dodging        | 3 |  3.3
Stealth        | 1 |  1.2
Armour         | 1 |  1.1
Fighting       | |  2.9
Throwing       | |  1.9

Action                   |  1- 3 |  4- 6 || total
-------------------------+-------+-------++-------
Melee: Long sword        |    68 |    61 ||   129
       Punch             |       |     1 ||     1
Throw: Javelin           |     2 |     2 ||     4
       Throwing net      |       |     1 ||     1
 Stab: Paralysed         |     1 |       ||     1
Armor: Ring mail         |    28 |    22 ||    50
Dodge: Dodged            |    38 |    33 ||    71
